 Dungeon Crawl Stone Soup version 0.22-a0-571-g4a923d4 (webtiles) character file.

28 kae the Insei (level 2, 0/21 HPs)
             Began as a Demonspawn Transmuter on July 1, 2018.
             Slain by a rat (1 damage)
             ... on level 1 of the Dungeon.
             The game lasted 00:00:27 (837 turns).

kae the Insei (Demonspawn Transmuter)                Turns: 837, Time: 00:00:27

Health: 0/21       AC:  2    Str: 10    XL:     2   Next: 96%
Magic:  5/5        EV: 12    Int: 19    God:
Gold:   51         SH:  0    Dex: 13    Spells: 2/5 levels left

rFire    . . .     SeeInvis .     - Unarmed
rCold    . . .     Gourm    .   (no shield)
rNeg     . . .     Faith    .   b - +0 robe
rPois    .         Spirit   .   (helmet restricted)
rElec    .         Reflect  .   (no cloak)
rCorr    .         Harm     .   (no gloves)
MR       .....                  (boots currently unavailable)
Stlth    +.........             (no amulet)
HPRegen  0.07/turn              (no ring)
MPRegen  0.09/turn              (no ring)

@: brilliant, appendage (expiring)
A: antennae 1, talons 3
a: End Transformation


You were on level 1 of the Dungeon.
You were not hungry.
You had grown temporary talons.
You visited 1 branch of the dungeon, and saw 1 of its levels.

You collected 51 gold pieces.

Inventory:

Missiles
 a - 12 arrows
Armour
 b - a +0 robe (worn)
Jewellery
 c - an uncursed ring of positive energy {unknown}
Scrolls
 e - a scroll of magic mapping {unknown}
 i - a scroll of remove curse {unknown}
 j - 3 scrolls of identify {unknown}
Potions
 g - a potion of degeneration {unknown}
 h - 2 potions of curing {unknown}
Comestibles
 d - 4 rations


   Skills:
 + Level 1.3 Fighting
 - Level 1.7 Dodging
 * Level 3.1 Unarmed Combat
 + Level 2.2 Spellcasting
 * Level 2.3 Transmutations


You had 2 spell levels left.
You knew the following spells:

 Your Spells              Type           Power        Failure   Level  Hunger
a - Beastly Appendage     Tmut           ###...       1%          1    #......
b - Sticks to Snakes      Tmut           ###.....     1%          2    ##.....

Your spell library contained the following spells:

 Spells                   Type           Power        Failure   Level  Hunger
 Spider Form              Tmut/Pois      ###.......   3%          3    ###....
 Blade Hands              Tmut           ###.......   19%         5    ######.
 Ice Form                 Ice/Tmut       ###.....     12%         4    #####..


Dungeon Overview and Level Annotations

Branches:
Dungeon (1/15)

Altars:


Innate Abilities, Weirdness & Mutations

You have a pair of small antennae on your head.
You have claws for feet.


Message History

The leopard gecko is almost dead.
The rat barely misses you. The leopard gecko bites you.
* * * LOW HITPOINT WARNING * * *
You barely miss the leopard gecko.
The leopard gecko is almost dead.
The rat bites you.
* * * LOW HITPOINT WARNING * * *
The leopard gecko barely misses you.
You barely miss the leopard gecko. Your kick misses the leopard gecko.
The leopard gecko is almost dead.
The rat bites you.
* * * LOW HITPOINT WARNING * * *
The leopard gecko completely misses you.
Okay, then.
Your transformation is almost over.
The leopard gecko barely misses you.
It was a potion of brilliance.
You feel clever all of a sudden. The rat bites you.
You die...

###......##.#
......#####.#### .# #######
###....###.# ## #.......[..
.## #.#.....#.. ..##
#.......#.# ...##
##......##.# .#
....####.....(###.###....
....'..†........@r.......
....####......###l###...
.(.## ##.#.### #.# ..##
#..... [.# .## ###.#######
## .# # # #
############♣♣♣♣♣♣♣♣♣♣♣♣♣♣♣


You could see a leopard gecko and a rat.

Vanquished Creatures
  An ooze (D:1)
  2 dart slugs (D:1)
  2 giant cockroaches (D:1)
  4 hobgoblins (D:1)
  2 bats (D:1)
  A frilled lizard (D:1)
  3 goblins (D:1)
  2 kobolds (D:1)
  3 rats (D:1)
20 creatures vanquished.

Notes
Turn   | Place    | Note
-------+----------+-------------------------------------------
     0 | D:1      | kae the Demonspawn Transmuter began the quest for the Orb.
     0 | D:1      | Reached XP level 1. HP: 15/15 MP: 3/3
    94 | D:1      | Gained mutation: You have a pair of small antennae on your head. [demonic ancestry]
    94 | D:1      | Reached XP level 2. HP: 21/21 MP: 3/5
    98 | D:1      | Learned a level 2 spell: Sticks to Snakes
   107 | D:1      | Reached skill level 3 in Unarmed Combat
   835 | D:1      | HP: 1/21 [rat (1)]
   837 | D:1      | Slain by a rat

Vault maps used:
D:1:      erik_arrival_cave_to_civilisation

Skill      XL: |  1  2 |
---------------+-------+-----
Transmutations | 2 |  2.3
Unarmed Combat | 3 |  3.1
Fighting       | |  1.3
Dodging        | |  1.7
Spellcasting   | |  2.2

Action                   || total
-------------------------++-------
Melee: Unarmed           ||    61
       Kick              ||     7
 Cast: Beastly Appendage ||    10
  Use: Potion            ||     1
Armor: Robe              ||     8
Dodge: Dodged            ||    41

Table legend:
 A = Spawn XP
 B = Non-spawn XP
 C = Spawn XP percentage of total XP
 D = Spawn monster count
 E = Non-spawn monster count
 F = Spawn count percentage of total count
 G = Total turns spent on level
                    A         B        C        D         E        F      G
               +---------+---------+-------+---------+---------+-------+---------
         Total |       0 |      40 |   0.0 |       0 |      20 |   0.0 |   837
               +---------+---------+-------+---------+---------+-------+---------
           D:1 |       0 |      40 |   0.0 |       0 |      20 |   0.0 |   837
               +---------+---------+-------+---------+---------+-------+---------
